 Dungeon Crawl Stone Soup version 0.26.1-11-gd32895ea62 (webtiles) character file.

Game seed: 4093728540332416440

11199 dtburroughs the Fighter (level 11, -1/99 HPs)
             Began as a Minotaur Berserker on May 10, 2021.
             Was a High Priest of Trog.
             Hit by a large rock thrown by a stone giant (16 damage)
             ... on level 9 of the Dungeon.
             The game lasted 00:27:40 (13600 turns).

dtburroughs the Fighter (Minotaur Berserker)       Turns: 13600, Time: 00:27:41

Health: -1/99      AC: 14    Str: 26    XL:     11   Next: 46%
Magic:  10/10      EV: 18    Int:  7    God:    Trog [*****.]
Gold:   840        SH:  6    Dex: 10    Spells: 10/10 levels left

rFire    . . .     SeeInvis .   B - +1 mace (drain)
rCold    . . .     Faith    .   h - +0 buckler
rNeg     . . .     Spirit   .   P - +4 scale mail of Disguise {rCorr Str+4}
rPois    .         Reflect  .   (helmet restricted)
rElec    .         Harm     .   x - +0 cloak
rCorr    +         Rampage  .   (no gloves)
Will     .....                  (no boots)
Stlth    ..........             (no amulet)
HPRegen  0.26/turn              s - +4 ring of evasion
MPRegen  0.12/turn              (no ring)

@: no status effects
A: retaliatory headbutt, horns 2
a: Renounce Religion, Berserk, Trog's Hand, Brothers in Arms


You were on level 9 of the Dungeon.
You worshipped Trog.
Trog was extremely pleased with you.
You visited 1 branch of the dungeon, and saw 9 of its levels.
You also visited: Sewer.

You collected 840 gold pieces.

Inventory:

Hand Weapons
 a - a +0 hand axe
 B - a +1 mace of draining (weapon)
 K - a +2 mace of protection
 L - a +0 morningstar
 O - a +0 war axe
Armour
 h - a +0 buckler (worn)
 x - a +0 cloak (worn)
 I - a +0 plate armour
 P - the +4 scale mail of Disguise (worn) {rCorr Str+4}
   (You took it off an orc warrior on level 8 of the Dungeon)

   It affects your strength (+4).
   It provides partial protection from all sources of acid and corrosion.
Jewellery
 b - an uncursed ring of ice {unknown}
 i - an uncursed ring of magical power
 s - a +4 ring of evasion (left hand)
Wands
 C - a wand of flame (22)
 E - a wand of digging (3)
 G - a wand of acid (6)
 H - a wand of random effects (20)
 J - a wand of paralysis (11)
 M - a wand of polymorph (5)
Scrolls
 c - 3 scrolls of fear
 d - 4 scrolls of identify
 e - 3 scrolls of enchant armour
 f - 3 scrolls of fog
 j - a scroll of amnesia {unknown}
 l - 3 scrolls of noise
 p - 3 scrolls of magic mapping
 v - 5 scrolls of teleportation
 y - a scroll of immolation {unknown}
 D - 3 scrolls of remove curse
 F - a scroll of summoning {unknown}
 N - 2 scrolls of enchant weapon {unknown}
Potions
 g - a potion of flight {unknown}
 k - 2 potions of mutation {unknown}
 m - a potion of lignification {unknown}
 n - a potion of might {unknown}
 o - 2 potions of haste {unknown}
 q - 4 potions of heal wounds {unknown}
 r - a potion of cancellation {unknown}
 t - 3 potions of magic {unknown}
 u - 3 potions of curing {unknown}
 w - 3 potions of brilliance {unknown}
 z - 2 potions of degeneration {unknown}
 A - a potion of attraction {unknown}
 Q - a potion of berserk rage {unknown}


   Skills:
 + Level 10.0 Fighting
 + Level 10.0 Axes
 + Level 9.7 Armour
 + Level 8.8 Dodging
 + Level 9.0 Shields
 + Level 5.4 Evocations


You had 10 spell levels left.
You didn't know any spells.
Your spell library was empty.

Dungeon Overview and Level Annotations

Branches:
Dungeon (9/15)             Temple (0/1) D:5            Lair (0/6) D:8
  Sewer (visited)
    Orc: D:9-12

Altars:
Cheibriados
Fedhas
Makhleb
Okawaru
Vehumet
Xom
Zin
The Shining One
Beogh

Shops:
D:6 (

Annotations:
D:4 3 runed translucent doors, Theotherone's ghost, amateur MiBe


Innate Abilities, Weirdness & Mutations

You reflexively headbutt those who attack you in melee.
You have a pair of horns on your head.


Message History

The troll is moderately wounded.
You block the troll's attack. The troll claws you. The troll misses you.
The stone giant throws a large rock.
You block the large rock. The troll misses you. You furiously retaliate!
You headbutt the troll! The troll claws you but does no damage.
The troll completely misses you.
You hit the troll. You drain the troll. You headbutt the troll!
The troll is almost dead.
The stone giant throws a large rock.
You block the large rock. The troll bites you. The troll misses you. x2
You closely miss the troll.
The troll is almost dead.
The stone giant throws a large rock.
The large rock hits you!!! The troll barely misses you.
The troll claws you but does no damage. x2
The stone giant throws a large rock.
The large rock hits you!!
* * * LOW HITPOINT WARNING * * *
Your deep troll goes berserk!
The troll barely misses you. You furiously retaliate!
You headbutt the troll.
The troll claws you but does no damage. x2
The stone giant throws a large rock.
The large rock hits you!
You die...

#..............
#.........####.
#.........####.
#..............
#..............
#..............
#########............
#.T.#...#.......(....
+...@...#............
#.CT#...#............
##'###†##............
#:. #...#............
.#. #...'...÷........
..#)
#...#............
#+##
##+##............
#............
######.......


You could see a stone giant, a troll (drained) and a friendly deep troll
(summoned, berserk).

Vanquished Creatures
  Harold (D:9)
  A two-headed ogre (D:8)
  An elephant (D:7)
  3 trolls
  Prince Ribbit (D:9)
  Grinder (D:3)
  11 yaks (D:9)
  A human (shapeshifter) (D:9)
  A yak (shapeshifter) (D:9)
  3 wargs (D:8)
  2 sky beasts
  2 water moccasins
  2 ice beasts
  A phantom (D:9)
  An orc warrior (D:8)
  8 ogres
  7 centaurs
  5 bullfrogs
  51 killer bees
  2 howler monkeys (D:5)
  A crimson imp (D:8)
  A centaur skeleton (D:8)
  2 hounds
  A quasit (D:7)
  A bullfrog zombie (D:8)
  A centaur zombie (D:8)
  An iron imp (D:8)
  4 orc priests
  3 jellies
  9 orc wizards
  3 bullfrog skeletons
  An iguana (D:9)
  A worker ant (D:5)
  A hound zombie (D:2)
  A hound skeleton (D:8)
  A worker ant zombie (D:5)
  A gnoll (D:6)
  A howler monkey skeleton (D:5)
  16 adders
  6 river rats (Sewer)
  A shadow imp (D:9)
  A white imp (D:9)
  An ufetubus (D:5)
  An adder skeleton (D:6)
  A worm (D:4)
  2 dart slugs (D:1)
  7 leopard geckos
  36 orcs
  3 giant cockroaches
  7 hobgoblins
  10 jackals
  4 quokkas
  7 ball pythons (Sewer)
  6 bats
  10 frilled lizards
  10 goblins
  8 kobolds
  2 leopard gecko skeletons
  A quokka skeleton (D:6)
  28 rats
307 creatures vanquished.

Vanquished Creatures (collateral kills)
  2 trolls (D:8)
  2 centaurs (D:8)
  A bullfrog (D:6)
  An iguana (D:6)
  3 gnolls (D:6)
  A shadow imp (D:6)
10 creatures vanquished.

Vanquished Creatures (others)
  A centaur (D:8)
  An orc wizard (D:5)
  11 fungi (D:8)
  9 plants (D:8)
  5 toadstools (D:8)
27 creatures vanquished.

Grand Total: 344 creatures vanquished

Notes
Turn   | Place    | Note
-------+----------+-------------------------------------------
     0 | D:1      | dtburroughs the Minotaur Berserker began the quest for the
                  | Orb.
     0 | D:1      | Reached XP level 1. HP: 19/19 MP: 0/0
   295 | D:1      | Reached XP level 2. HP: 27/27 MP: 1/1
   623 | D:1      | You fall into a shaft and drop 1 floor!
   715 | D:1      | Reached XP level 3. HP: 33/33 MP: 2/2
   821 | D:1      | Reached ** piety under Trog
  1509 | D:2      | Reached XP level 4. HP: 40/40 MP: 3/3
  1939 | D:2      | Reached skill level 1 in Shields
  2049 | D:3      | Found a glowing silver altar of Zin.
  2303 | D:3      | Found a glowing drain.
  2334 | Sewer    | Entered a sewer
  2458 | Sewer    | Reached XP level 5. HP: 16/47 MP: 4/4
  2959 | Sewer    | Reached *** piety under Trog
  3836 | Sewer    | Reached skill level 5 in Fighting
  3836 | Sewer    | Reached skill level 5 in Axes
  3836 | Sewer    | Reached XP level 6. HP: 42/56 MP: 5/5
  4205 | D:3      | Noticed Grinder
  4209 | D:3      | Paralysed by Grinder for 6 turns
  4221 | D:3      | Paralysed by Grinder for 5 turns
  4239 | D:3      | Killed Grinder
  4240 | D:3      | Reached XP level 7. HP: 37/61 MP: 6/6
  4562 | D:4      | Reached skill level 5 in Armour
  4921 | D:4      | Found a glowing golden altar of the Shining One.
  4961 | D:4      | Found a runed translucent gate.
  4961 | D:4      | Found a runed translucent gate.
  4961 | D:4      | Found a runed translucent gate.
  4963 | D:4      | Found a roughly hewn altar of Beogh.
  4963 | D:4      | Identified the +5 ring mail of Zejoaxiw {rN+ Regen+ Dex+5}
  4965 | D:4      | Noticed Theotherone's ghost (amateur MiBe)
  5010 | D:5      | Entered Level 5 of the Dungeon
  5492 | D:5      | Reached **** piety under Trog
  5508 | D:5      | Reached skill level 5 in Dodging
  5508 | D:5      | Reached XP level 8. HP: 50/70 MP: 7/7
  6045 | D:5      | Found a staircase to the Ecumenical Temple.
  6925 | D:6      | Found Ukup's Antique Weapon Shop.
  6979 | D:6      | Reached skill level 5 in Shields
  7289 | D:6      | Found a shimmering altar of Xom.
  7947 | D:7      | Reached skill level 1 in Evocations
  8436 | D:7      | Reached XP level 9. HP: 70/79 MP: 8/8
 10522 | D:8      | Reached XP level 10. HP: 58/90 MP: 9/9
 10797 | D:8      | Found a snail-covered altar of Cheibriados.
 10892 | D:8      | Found a radiant altar of Vehumet.
 10927 | D:8      | Noticed a two-headed ogre
 10947 | D:8      | Killed a two-headed ogre
 11196 | D:8      | Found a staircase to the Lair.
 11264 | D:8      | Found a blossoming altar of Fedhas.
 11309 | D:8      | Identified the +4 scale mail of Disguise {rCorr Str+4}
 11678 | D:8      | Found a shimmering altar of Xom.
 11678 | D:8      | Found a burning altar of Makhleb.
 11979 | D:8      | Noticed an elephant
 12408 | D:7      | Killed an elephant
 12673 | D:9      | Reached ***** piety under Trog
 12720 | D:9      | Found an iron altar of Okawaru.
 12776 | D:9      | Reached XP level 11. HP: 97/97 MP: 10/10
 13245 | D:9      | Noticed Prince Ribbit
 13263 | D:9      | Killed Prince Ribbit
 13264 | D:9      | Reached skill level 5 in Evocations
 13340 | D:9      | Noticed Harold
 13371 | D:9      | Killed Harold
 13392 | D:9      | Reached skill level 10 in Fighting
 13593 | D:9      | Reached skill level 10 in Axes
 13595 | D:9      | Noticed a stone giant
 13600 | D:9      | Hit by a large rock thrown by a stone giant

Illustrated notes

Levels and vault maps discovered:
D:1:      dpeg_arrival_morbid_curiosity, layout_basic,
          chequers_serial_rivers_micro_d
D:2:      layout_loops_ring, corner_web_ring
D:3:      layout_rooms, zin_statuary, gup_sewer_entry_glass,
          kennysheep_generic_room_5, uniq_grinder
D:4:      layout_basic, biasface_ghost_orc_armoury, tso_altar
D:5:      layout_loops_cross, lemuel_temple_firewalk_a
D:6:      layout_loops_ring, serial_shops, nicolae_shop_behind_doors,
          grunt_ministairs_13, tgw_xom
D:7:      layout_basic, kennysheep_crisscross
D:8:      wad_woods_minihive, layout_rooms,
          grunt_temple_overflow_champion_of_chaos, lemuel_crystal_altar,
          slow_altar_1, erik_lair_orcish_takeover, basic_altar,
          serial_bayou_pond_b, minmay_gold_behind_fungi
D:9:      layout_basic, okawaru_trees_2, hangedman_decor_riveting,
          minmay_evil_grid, uniq_prince_ribbit1, uniq_harold

Skill      XL: |  1  2  3  4  5  6  7  8  9 10 11 |
---------------+----------------------------------+-----
Fighting       | 4 5 6 7 8 9 10 | 10.0
Axes           | 4 5 6 7 8 9 10 | 10.0
Armour         | 3 4 5 6 7 9 |  9.7
Dodging        | 3 4 5 6 7 8 |  8.8
Shields        | 1 2 3 4 5 7 8 9 |  9.0
Evocations     | 1 3 4 5 |  5.4

Action                   |  1- 3 |  4- 6 |  7- 9 | 10-12 || total
-------------------------+-------+-------+-------+-------++-------
Melee: Hand axe          |    72 |   149 |   277 |       ||   498
       Headbutt          |    14 |    19 |    67 |    77 ||   177
       Mace              |       |       |   169 |   317 ||   486
       Unarmed           |       |       |       |     9 ||     9
Invok: Trog's Hand       |       |     3 |     2 |     1 ||     6
       Berserk           |       |     1 |       |       ||     1
       Brothers in Arms  |       |       |     1 |     2 ||     3
Evoke: Wand              |       |       |       |     1 ||     1
  Use: Scroll            |       |       |     9 |     3 ||    12
Armor: Animal skin       |    12 |       |       |       ||    12
       Chain mail        |     7 |   129 |   104 |       ||   240
       Plate armour      |       |       |   190 |    30 ||   220
       Scale mail        |       |       |       |    66 ||    66
       Skin              |       |       |       |     1 ||     1
Dodge: Dodged            |    61 |    84 |   358 |   276 ||   779
Block: Buckler           |     1 |    27 |   131 |   104 ||   263
